 Dungeon Sprint DCSS version 0.30-a0-777-ga9a30cbeda (webtiles) character file.

Game seed: 9763177248036555768

277 sircluck the Fighter (level 6, -12/62 HPs)
             Began as a Hill Orc Fighter on Feb 13, 2023.
             Mangled by a naga warrior
             ... wielding a +0 halberd
              (21 damage)
             ... in the Dungeon (Sprint VII: "The Pits").
             The game lasted 00:01:38 (397 turns).

sircluck the Fighter (Hill Orc Fighter)              Turns: 397, Time: 00:01:39

Health: -12/62     AC:  9    Str: 21    XL:     6   Next: 26%
Magic:  6/6        EV: 11    Int:  8    God:
Gold:   0          SH:  5    Dex: 10    Spells: 5/5 levels left

rFire   . . .      SeeInvis .    r - +2 hand axe (heavy)
rCold   . . .      Faith    .    c - +0 buckler
rNeg    . . .      Spirit   .    p - +3 ring mail
rPois   .          Reflect  .    (no helmet)
rElec   .          Harm     .    (no cloak)
rCorr   .          Rampage  .    (no gloves)
Will    .....      NoTele   +    (no boots) Stlth
                                 (no amulet)
HPRegen 0.30/turn                (no ring)
MPRegen 0.10/turn                (no ring)

@: no status effects
A: no striking features
a: no special abilities


You were in the Dungeon.
You visited 1 branch

Inventory:

Hand Weapons
 a - a +0 war axe
 k - a +2 hand axe
 r - a +2 heavy hand axe (weapon)
Missiles
 o - 10 stones (quivered)
Armour
 b - a +0 scale mail
 c - a +0 buckler (worn)
 p - a +3 ring mail (worn)
 q - a +3 ring mail
Scrolls
 j - a scroll of blinking
 m - 5 scrolls of amnesia
 n - a scroll of summoning
Potions
 d - a potion of might
 e - 6 potions of curing
 f - 6 potions of heal wounds
 g - a potion of haste
 h - 4 potions of magic
 i - 3 potions of berserk rage
 l - 2 potions of invisibility


   Skills:
 + Level 8.5 Fighting
 + Level 8.4 Axes
 + Level 6.9 Armour
 + Level 2.1 Dodging
 + Level 7.7 Shields


You had 5 spell levels left.
You didn't know any spells.
Your spell library was empty.

Dungeon Overview and Level Annotations

Branches:
Dungeon (1/1)

Altars:
Ashenzari
Cheibriados
Dithmenos
Elyvilon
Fedhas
Gozag
Hepliaklqana
Kikubaaqudgha
Makhleb
Nemelex Xobeh
Okawaru
Qazlal
Ru
Sif Muna
Trog
Uskayaw
Vehumet
Wu Jian
Xom
Yredelemnul
Zin
The Shining One
Beogh
Jiyva
Lugonu


Message History

There is an open door here.
You slash the fire bat!
The fire bat is severely wounded.
The fire bat barely misses you. x2
You miss the fire bat.
The fire bat is severely wounded.
The fire bat bites you but does no damage.
The fire bat closely misses you.
You slash the fire bat!
You kill the fire bat!
Your Fighting skill gained 2 levels and is now at level 8!
Your Axes skill gained 2 levels and is now at level 8!
Your Armour skill increases to level 6!
Your Dodging skill increases to level 2!
Your Shields skill increases to level 7!
You have reached level 6!
You open the door.
An adder comes into view.
The adder hisses angrily.
You slash the adder!
You kill the adder!
There is an open door here.
You open the door.
An iguana, 3 nagas and an alligator snapping turtle come into view.
The iguana hisses angrily.
The naga warrior shouts!
The naga shouts!
The alligator snapping turtle hisses angrily.
You hear a shout!
A naga comes into view. It is wielding a +0 long sword.
You block the salamander mystic's attack.
There is an open door here.
You hit the salamander mystic but do no damage.
You closely miss the iguana.
The alligator snapping turtle bites you from afar!!!
Ouch! That really hurt!
The salamander mystic hits you with a +0 quarterstaff.
You are engulfed in flames!
* * * LOW HITPOINT WARNING * * *
The iguana closely misses you.
The naga warrior hits you from afar with a +0 halberd!!
You die...

#.####'##'###...<...#
#.#..††....##.......#
#.#........##.......#
#'###########.......#
#.......# #########
#...#...# #####
#...#...# N...#
#.##.##.#+#l...#
#...#...#.@NN..+
#...#...#'#.t..#
#.......'.#.N..#
################


You could see an alligator snapping turtle, a naga warrior, a salamander mystic,
2 nagas and an iguana.

Vanquished Creatures
  A fire bat (D)
  A necrophage (D)
  A mummy (D)
  An adder (D)
  3 river rats (D)
  2 ufetubi (D)
  An adder zombie (D)
  3 bats (D)
  A bat zombie (D)
  An endoplasm (D)
  2 giant cockroaches (D)
17 creatures vanquished.

Notes
Turn   | Place    | Note
-------+----------+-------------------------------------------
     0 | D        | sircluck the Hill Orc Fighter began the quest for the Orb.
     0 | D        | Reached XP level 1. HP: 19/19 MP: 1/1
    20 | D        | Found a bloodstained altar of Trog.
    20 | D        | Found a shimmering blue altar of Sif Muna.
    20 | D        | Found a viscous altar of Jiyva.
    20 | D        | Found a hazy altar of Hepliaklqana.
    20 | D        | Found an opulent altar of Gozag.
    21 | D        | Found a glowing golden altar of the Shining One.
    21 | D        | Found a glowing silver altar of Zin.
    21 | D        | Found a basalt altar of Yredelemnul.
    21 | D        | Found a shimmering altar of Xom.
    21 | D        | Found an ornate altar of the Wu Jian Council.
    21 | D        | Found a sacrificial altar of Ru.
    21 | D        | Found a stormy altar of Qazlal.
    21 | D        | Found an iron altar of Okawaru.
    21 | D        | Found a sparkling altar of Nemelex Xobeh.
    21 | D        | Found a burning altar of Makhleb.
    21 | D        | Found a blossoming altar of Fedhas.
    21 | D        | Found a white marble altar of Elyvilon.
    21 | D        | Found a shadowy altar of Dithmenos.
    21 | D        | Found a snail-covered altar of Cheibriados.
    24 | D        | Found a corrupted altar of Lugonu.
    24 | D        | Found a radiant altar of Vehumet.
    24 | D        | Found a roughly hewn altar of Beogh.
    26 | D        | Found a broken altar of Ashenzari.
    26 | D        | Found an ancient bone altar of Kikubaaqudgha.
    26 | D        | Found a hide-covered altar of Uskayaw.
   129 | D        | Reached XP level 2. HP: 28/28 MP: 2/2
   145 | D        | Reached skill level 5 in Fighting
   145 | D        | Reached XP level 3. HP: 19/36 MP: 3/3
   147 | D        | Reached skill level 5 in Shields
   276 | D        | Noticed a necrophage
   282 | D        | Reached skill level 5 in Armour
   284 | D        | Killed a necrophage
   285 | D        | Reached skill level 5 in Axes
   285 | D        | Reached skill level 1 in Dodging
   285 | D        | Reached XP level 4. HP: 36/45 MP: 4/4
   286 | D        | Reached XP level 5. HP: 41/51 MP: 5/5
   343 | D        | Noticed a fire bat
   347 | D        | Killed a fire bat
   348 | D        | Reached XP level 6. HP: 49/62 MP: 6/6
   395 | D        | Noticed a naga warrior
   395 | D        | Noticed a salamander mystic
   395 | D        | Noticed a naga
   395 | D        | Noticed an alligator snapping turtle
   395 | D        | Noticed a naga
   397 | D        | Mangled by a naga warrior

Illustrated notes

Levels and vault maps discovered:
D:        pitsprint [storerooms_1, entrance_room_1, metal_vault_7, armoury_3,
          mini_pit_1, grid_room_1, main_hall_1, silver_pit, the_coven_2,
          the_vestibule_1, steel_vault_1, golden_pit, hallway_of_sentries,
          crystal_vault_6, iron_vault_1, final_vault]

Skill      XL: |  1  2  3  4  5 |
---------------+----------------+-----
Fighting       | 4 5 6 8 |  8.5
Axes           | 3 5 6 8 |  8.4
Armour         | 4 5 6 |  6.9
Shields        | 4 6 7 |  7.7
Dodging        | 1 2 |  2.1

Action                     |  1- 3 |  4- 6 || total
---------------------------+-------+-------++-------
  Melee: Hand axe          |    28 |    11 ||    39
         War axe           |     1 |       ||     1
 Armour: Scale mail        |    18 |       ||    18
         Ring mail         |     6 |    10 ||    16
  Dodge: Dodged            |    22 |     8 ||    30
  Block: Buckler           |    10 |     5 ||    15

Table legend: (Time is in decaauts)
 A = Elapsed time spent in this place.
 B = Non-inter-level travel time spent in this place.
 C = Inter-level travel time spent in this place.
 D = Time resting spent in this place.
 E = Time spent auto-exploring this place.
 F = Levels seen in this place.
 G = Mean time per level.
                   A        B        C        D        E       F      G
               +--------+--------+--------+--------+--------+-----+--------+
         Total |    409 |    377 |     32 |     62 |     94 |   1 |  409.0 |
       Dungeon |    409 |    377 |     32 |     62 |     94 |   1 |  409.0 |
               +--------+--------+--------+--------+--------+-----+--------+

Top non-repeatable levels by time:
       D: 409 daAuts
